 Dungeon Crawl Stone Soup version 0.21-a0-531-gacddea6 (webtiles) character file.

32324 Amnesiac the Earth Mage (level 13, -8/76 HPs)
             Began as a Deep Elf Earth Elementalist on Dec 13, 2017.
             Was a High Priest of Sif Muna.
             Mangled by a vampire mosquito (10 damage)
             ... on level 14 of the Dungeon.
             The game lasted 00:33:57 (14246 turns).

Amnesiac the Earth Mage (DEEE)                     Turns: 14246, Time: 00:33:58

Health: -8/76      AC:  6    Str:  3    XL:     13   Next: 30%
Magic:  1/33       EV: 19    Int: 26    God:    Sif Muna [*****.]
Gold:   900        SH:  8    Dex: 17    Spells: 22/41 levels left

rFire    + . .     SeeInvis .   b - staff of earth
rCold    + + .     Gourm    .   A - +3 buckler
rNeg     . . .     Faith    .   F - +2 robe {rC+}
rPois    .         Spirit   .   (no helmet)
rElec    .         Reflect  .   P - +0 cloak
rCorr    .         Harm     .   R - +0 pair of gloves
MR       ++...                  o - +0 pair of boots
Stlth    ++........             e - amulet of magic regeneration
HPRegen  0.22/turn              c - ring of protection from fire
MPRegen  0.48/turn              l - ring of protection from cold

@: very slightly contaminated, invisible, divine energy
A: repulsion field 1, agile 1, deformed body, deterioration 1, magic resistance
1, weak 1, sturdy frame 1
a: Stop Divine Energy, Channel Magic, Forget Spell, Renounce Religion


You were on level 14 of the Dungeon.
You worshipped Sif Muna.
Sif Muna was extremely pleased with you.
You were not hungry.

You visited 2 branches of the dungeon, and saw 16 of its levels.

You collected 900 gold pieces.

Inventory:

Hand Weapons
 a - a +5 hunting sling of freezing
 G - a +0 blowgun
Missiles
 q - 207 stones (quivered)
 r - 3 needles of frenzy
 v - 127 poisoned needles
 D - 13 curare-tipped needles
Armour
 o - a +0 pair of boots (worn)
 A - a +3 buckler (worn)
 F - a +2 robe of cold resistance (worn)
 P - a +0 cloak (worn)
 R - a +0 pair of gloves (worn)
Magical Staves
 b - an uncursed staff of earth (weapon)
 S - an uncursed staff of wizardry
Jewellery
 c - a ring of protection from fire (left hand)
 e - an amulet of magic regeneration (around neck)
 l - a ring of protection from cold (right hand)
 m - an uncursed amulet of regeneration
 L - an uncursed ring of resist corrosion
Wands
 Q - a wand of acid (9)
Scrolls
 h - 2 scrolls of fog {!r}
 j - 3 scrolls of fear {!r}
 k - 5 scrolls of remove curse {!r}
 t - 3 scrolls of magic mapping {!r}
 u - a scroll of silence {!r}
 w - a scroll of summoning {!r}
 y - 2 scrolls of blinking {!r}
 z - 4 scrolls of teleportation {!r}
 C - 3 scrolls of enchant armour {!r}
Potions
 g - 5 potions of lignification {!q}
 i - 10 potions of curing {!q}
 p - 2 potions of might {!q}
 x - 2 potions of agility {!q}
 B - 2 potions of cancellation {!q}
 K - 2 potions of resistance {!q}
 O - a potion of haste {!q}
Comestibles
 d - 11 bread rations
 n - 8 meat rations


   Skills:
 - Level 7.3 Fighting
 - Level 7.3 Dodging
 - Level 2.4 Stealth
 - Level 4.2 Shields
 + Level 14.7 Spellcasting
 - Level 1.1 Transmutations
 * Level 16.7 Earth Magic


You had 22 spell levels left.
You knew the following spells:

 Your Spells              Type           Power        Failure   Level  Hunger
a - Bolt of Magma         Conj/Fire/Erth ######....   8%          5    #......
b - Passwall              Tmut/Erth      #######...   1%          2    None
c - Sandblast             Erth           ######       0%          1    None
d - Lee's Rapid Deconstr  Erth           ########..   1%          5    #......
e - Petrify               Tmut/Erth      #######.     1%          4    None
f - Poisonous Vapours     Pois/Air       ###...       4%          2    None


Dungeon Overview and Level Annotations

Branches:
Dungeon (15/15)            Temple (1/1) D:6            Lair (0/6) D:9
    Orc (0/2) D:12         Vaults (0/5) D:14
 Depths: D:15

Altars:
Ashenzari
Cheibriados
Dithmenos
Elyvilon
Fedhas
Gozag
Hepliaklqana
Kikubaaqudgha
Makhleb
Nemelex Xobeh
Okawaru
Qazlal
Ru
Sif Muna
Trog
Uskayaw
Vehumet
Wu Jian
Xom
Yredelemnul
Zin
The Shining One

Shops:
D:5 (:

Annotations:
D:8 exclusion: ice statue
D:15 Fusha's ghost, adept HuWn


Innate Abilities, Weirdness & Mutations

You are surrounded by a mild repulsion field. (EV +2)
You are agile. (Dex +2)
Armour fits poorly on your strangely shaped body.
Your body sometimes deteriorates upon taking damage.
You are resistant to hostile enchantments. (MR+)
You are weak. (Str -2)
Your movements are slightly less encumbered by armour. (ER -2)


Message History

You feel a surge of power!
The bolt of magma misses Fusha's ghost.
Sif Muna grants you divine energy.
You briefly lose access to your magic!
Fusha's ghost hits you.
Unknown command.
The deep elf mage shouts!
The deep elf mage casts a spell.
Fusha's ghost points at you and mumbles some strange words.
The flame tongue misses you.
Fusha's ghost is no longer moving quickly.
Fusha's ghost gestures at you while chanting.
The iron shot hits you!
Ouch! That really hurt!
* * * LOW HITPOINT WARNING * * *
There is a stone staircase leading up, spattered with blood here.
The deep elf mage mumbles some strange words.
You climb upwards.
You regain access to your magic.
The vampire mosquito completely misses you.
The vampire mosquito bites you.
* * * LOW HITPOINT WARNING * * *
The vampire mosquito draws strength from your injuries!
The vampire mosquito bites you but does no damage.
The vampire mosquito misses you. The vampire mosquito bites you.
* * * LOW HITPOINT WARNING * * *
The vampire mosquito draws strength from your injuries!
The vampire mosquito completely misses you.
There is a stone staircase leading down here.
Really quaff
I - a potion of heal wounds {!q}?
Okay, then.
Really quaff
s - a potion of invisibility {!q}?
You fade into invisibility!
The vampire mosquito misses you. x2; The vampire mosquito bites you.
* * * LOW HITPOINT WARNING * * *
The vampire mosquito draws strength from your injuries!
You block the vampire mosquito's attack. x2
You are very lightly contaminated with residual magic.
Really quaff
I - a potion of heal wounds {!q}?
You feel much better. The vampire mosquito misses you.
The vampire mosquito completely misses you.
The vampire mosquito misses you.
You block the vampire mosquito's attack. x2
The vampire mosquito bites you.
* * * LOW HITPOINT WARNING * * *
The vampire mosquito draws strength from your injuries!
Casting: Bolt of Magma
Confirm with . or Enter, or press ? or * to list all spells.
Aiming: Bolt of Magma
Press: ? - help, Shift-Dir - straight line, f - vampire mosquito
Aim: a vampire mosquito You feel a surge of power!
You miscast Bolt of Magma.
Sif Muna protects you from the effects of your miscast!
You block the vampire mosquito's attack.
The vampire mosquito barely misses you.
You block the vampire mosquito's attack.
Unknown command.
You open the door. The vampire mosquito barely misses you.
The vampire mosquito bites you.
* * * LOW HITPOINT WARNING * * *
The vampire mosquito draws strength from your injuries!
The vampire mosquito bites you!
* * * LOW HITPOINT WARNING * * *
The vampire mosquito draws strength from your injuries!
The vampire mosquito misses you. The vampire mosquito bites you!
You die...

######### #...#...#
#...'...# #...#...#
#####'###'############
#..#y@.#..............
#.##.yy#..............
#.##...#..............
#.######..............
#.# #..............
#.# ###..............
#.####................
#...............†.....
#......._...#######.##


You could see 3 vampire mosquitoes.

Vanquished Creatures
  The ghost of Fusha the Cleaver, a journeyman HuWn (D:10)
  An ogre mage (D:14)
  2 centaur warriors (D:15)
  6 two-headed ogres
  Sonja (D:11)
  4 unseen horrors
  The ghost of teukkam the Fighter, a novice GnWn of Wu Jian (D:5)
  A deep elf mage (D:15)
  2 cyclopes
  A manticore (D:14)
  13 ugly things
  Maurice (D:10)
  2 gargoyles
  5 yaktaurs (D:15)
  A komodo dragon (shapeshifter) (D:13)
  3 trolls
  Grinder (D:4)
  A hornet (D:13)
  2 hippogriffs
  Sigmund (D:5)
  A shadow (D:14)
  A wraith (D:14)
  A spriggan (D:9)
  A vampire (D:15)
  10 yaks
  2 wyverns
  Eustachio (D:6)
  A basilisk (D:15)
  2 hungry ghosts
  Grum (D:10)
  A soldier ant (D:13)
  Edmund (D:4)
  Duvessa (D:7)
  7 orc warriors
  6 sky beasts
  2 ice beasts
  2 black bears
  A necrophage (D:7)
  2 eyes of draining
  4 phantoms
  2 wolves (D:10)
  3 ogres (D:10)
  6 centaurs
  A crocodile (D:8)
  Blork the orc (D:4)
  3 big kobolds
  A wyvern zombie (D:10)
  16 bullfrogs
  Dowan (D:7)
  2 scorpions
  6 killer bees (D:8)
  16 wights
  A howler monkey (D:9)
  6 centaur zombies
  4 crimson imps
  A quasit (D:15)
  3 centaur skeletons
  A gnoll shaman (D:4)
  4 hounds
  4 jellies
  10 orc priests
  5 bullfrog skeletons
  16 orc wizards
  An iguana (D:6)
  Ijyb (D:3)
  11 worker ants
  A hound zombie (D:8)
  A worker ant zombie (D:8)
  4 gnolls
  8 adders
  4 shadow imps
  An ooze (D:3)
  An adder skeleton (D:9)
  3 worms
  4 dart slugs
  7 leopard geckos
  52 orcs
  4 giant cockroaches
  8 goblins
  5 hobgoblins
  12 jackals
  23 kobolds
  6 quokkas
  2 ball pythons
  14 bats
  4 frilled lizards
  A jackal zombie (D:9)
  A leopard gecko zombie (D:8)
  A quokka skeleton (D:6)
  9 rats
400 creatures vanquished.

Vanquished Creatures (others)
  A quokka (D:8)
1 creature vanquished.

Grand Total: 401 creatures vanquished

Notes
Turn   | Place    | Note
-------+----------+-------------------------------------------
     0 | D:1      | Amnesiac the Deep Elf Earth Elementalist began the quest for the Orb.
     0 | D:1      | Reached XP level 1. HP: 10/10 MP: 6/6
   107 | D:1      | Reached XP level 2. HP: 16/16 MP: 6/8
   157 | D:1      | Reached skill level 1 in Fighting
   441 | D:1      | Reached XP level 3. HP: 20/20 MP: 8/10
   563 | D:1      | Learned a level 2 spell: Passwall
   567 | D:1      | Learned a level 3 spell: Stone Arrow
  1097 | D:2      | Found a faded altar of an unknown god.
  1511 | D:2      | Reached XP level 4. HP: 23/26 MP: 4/11
  1517 | D:2      | Learned a level 4 spell: Petrify
  1541 | D:2      | Found a bloodstained altar of Trog.
  1999 | D:3      | Reached skill level 4 in Earth Magic
  2371 | D:3      | Noticed Ijyb
  2375 | D:3      | Killed Ijyb
  2452 | D:3      | Reached XP level 5. HP: 31/31 MP: 9/13
  2816 | D:4      | Reached skill level 1 in Shields
  2939 | D:4      | Reached XP level 6. HP: 19/36 MP: 3/15
  3273 | D:4      | Noticed Grinder
  3283 | D:4      | Killed Grinder
  3283 | D:4      | Reached skill level 5 in Spellcasting
  3283 | D:4      | Reached skill level 5 in Earth Magic
  3300 | D:4      | Found a basalt altar of Yredelemnul.
  3479 | D:4      | Noticed a sky beast
  3500 | D:4      | Killed a sky beast
  3500 | D:4      | Reached XP level 7. HP: 40/40 MP: 14/17
  3540 | D:4      | Found a sacrificial altar of Ru.
  3551 | D:4      | Noticed Blork the orc
  3558 | D:4      | Killed Blork the orc
  3615 | D:4      | Noticed Edmund
  3629 | D:4      | Learned a level 5 spell: Lee's Rapid Deconstruction
  3694 | D:4      | Killed Edmund
  3947 | D:4      | Found a hide-covered altar of Uskayaw.
  3982 | D:4      | Found a sparkling altar of Nemelex Xobeh.
  4220 | D:5      | Entered Level 5 of the Dungeon
  4222 | D:5      | Noticed Sigmund
  4226 | D:5      | Killed Sigmund
  4269 | D:5      | Reached skill level 6 in Earth Magic
  4269 | D:5      | Reached XP level 8. HP: 45/45 MP: 15/20
  4473 | D:5      | Found Jozialog's Book Emporium.
  4575 | D:5      | Noticed teukkam's ghost (novice GnWn)
  4607 | D:5      | Killed teukkam's ghost
  4728 | D:5      | Found Imosin's Antique Weapon Shoppe.
  5178 | D:6      | Noticed Eustachio
  5186 | D:6      | Killed Eustachio
  5186 | D:6      | Reached skill level 7 in Earth Magic
  5186 | D:6      | Reached XP level 9. HP: 49/53 MP: 9/22
  5288 | D:6      | Reached skill level 5 in Fighting
  5288 | D:6      | Reached skill level 5 in Dodging
  5333 | D:6      | Found a staircase to the Ecumenical Temple.
  5341 | Temple   | Entered the Ecumenical Temple
  5858 | D:7      | Found a shadowy altar of Dithmenos.
  6145 | D:7      | Found a snail-covered altar of Cheibriados.
  6151 | D:7      | Noticed Dowan
  6153 | D:7      | Noticed Duvessa
  6154 | D:7      | Killed Duvessa
  6154 | D:7      | Killed Dowan
  6168 | D:7      | Reached skill level 8 in Earth Magic
  6489 | D:7      | Found a sparkling altar of Nemelex Xobeh.
  6805 | D:8      | Learned a level 2 spell: Poisonous Vapours
  6872 | D:8      | Found a stormy altar of Qazlal.
  6886 | D:8      | Noticed an ice statue
  6976 | D:8      | Found a white marble altar of Elyvilon.
  6987 | D:8      | Found an iron altar of Okawaru.
  6989 | D:8      | Noticed a two-headed ogre
  6997 | D:8      | Killed a two-headed ogre
  6997 | D:8      | Reached XP level 10. HP: 63/63 MP: 10/24
  7224 | D:8      | Gained mutation: You are somewhat resistant to further mutation. [mutagenic meat]
  7228 | D:8      | Gained mutation: You are surrounded by a mild repulsion field. (EV +2) [mutagenic meat]
  7287 | D:8      | Found a deep blue altar of Sif Muna.
  7294 | D:8      | Became a worshipper of Sif Muna the Loreminder
  7523 | D:9      | Reached skill level 9 in Earth Magic
  7804 | D:9      | Reached * piety under Sif Muna
  8031 | D:9      | Noticed a two-headed ogre
  8040 | D:9      | Killed a two-headed ogre
  8040 | D:9      | Reached skill level 10 in Earth Magic
  8211 | D:9      | Found a staircase to the Lair.
  8283 | D:10     | Entered Level 10 of the Dungeon
  8572 | D:10     | Reached ** piety under Sif Muna
  8572 | D:10     | Reached skill level 11 in Earth Magic
  8684 | D:10     | Reached skill level 10 in Spellcasting
  8684 | D:10     | Reached XP level 11. HP: 60/67 MP: 15/27
  8688 | D:10     | Noticed Maurice
  8698 | D:10     | Killed Maurice
  8986 | D:10     | Noticed a two-headed ogre
  9008 | D:10     | Killed a two-headed ogre
  9008 | D:10     | Reached skill level 12 in Earth Magic
  9014 | D:10     | Noticed Grum
  9023 | D:10     | Killed Grum
  9048 | D:10     | Noticed Fusha's ghost (journeyman HuWn)
  9095 | D:10     | Killed Fusha's ghost
  9095 | D:10     | Reached *** piety under Sif Muna
  9563 | D:11     | Killed an unseen horror
  9640 | D:11     | Reached skill level 13 in Earth Magic
  9858 | D:10     | Killed an unseen horror
  9956 | D:11     | Noticed a green ugly thing
  9958 | D:11     | Noticed Sonja
  9958 | D:11     | Killed a green ugly thing
  9973 | D:11     | Killed Sonja
  9973 | D:11     | Reached **** piety under Sif Muna
 10810 | D:12     | Got a faintly humming plate armour
 10815 | D:12     | Found a staircase to the Orcish Mines.
 10959 | D:12     | Reached XP level 12. HP: 72/72 MP: 7/30
 11319 | D:13     | Reached skill level 14 in Earth Magic
 11657 | D:13     | Noticed a two-headed ogre
 11659 | D:13     | Killed a two-headed ogre
 11697 | D:13     | Reached ***** piety under Sif Muna
 11999 | D:13     | Noticed a centaur warrior
 12000 | D:13     | Identified Sif Muna's Arcane Arts, Part Five (Sif Muna gifted it to you on level 13 of the Dungeon)
 12000 | D:13     | Received a gift from Sif Muna
 12148 | D:14     | Noticed a two-headed ogre
 12149 | D:14     | Found a gate to the Vaults.
 12149 | D:14     | Noticed a two-headed ogre
 12150 | D:14     | Killed a two-headed ogre
 12150 | D:14     | Reached skill level 15 in Earth Magic
 12153 | D:14     | Killed a two-headed ogre
 12156 | D:14     | Noticed an ogre mage
 12157 | D:14     | Killed an ogre mage
 12316 | D:14     | Learned a level 5 spell: Bolt of Magma
 12582 | D:14     | Found a glowing golden altar of the Shining One.
 13037 | D:15     | Entered Level 15 of the Dungeon
 13039 | D:15     | Noticed a centaur warrior
 13507 | D:15     | Gained mutation: Armour fits poorly on your strangely shaped body. [mutagenic meat]
 13508 | D:15     | Gained mutation: Your movements are slightly less encumbered by armour. (ER -2) [mutagenic meat]
 13509 | D:15     | Gained mutation: You are resistant to hostile enchantments. (MR+) [mutagenic meat]
 13510 | D:15     | Gained mutation: Your body sometimes deteriorates upon taking damage. [mutagenic meat]
 13709 | D:15     | Killed a centaur warrior
 13709 | D:15     | Reached skill level 16 in Earth Magic
 13845 | D:15     | Reached XP level 13. HP: 76/76 MP: 22/33
 13868 | D:15     | Found a snail-covered altar of Cheibriados.
 14176 | D:15     | Lost mutation: You are somewhat resistant to further mutation. [mutagenic meat]
 14178 | D:15     | Gained mutation: You are weak. (Str -2) [mutagenic meat]
 14179 | D:15     | Gained mutation: You are agile. (Dex +2) [mutagenic meat]
 14200 | D:15     | Noticed Fusha's ghost (adept HuWn)
 14246 | D:14     | HP: 2/76 [vampire mosquito (7)]
 14246 | D:14     | Mangled by a vampire mosquito

Vault maps used:
D:1:      minmay_arrival_arboretum_small, corexii_leaking_fountain
D:2:      bloody_trog, chequers_ecumenical_altar_simple_redux,
          minmay_pentomino_x2
D:3:      minmay_close_crescents, uniq_ijyb
D:4:      nicolae_ru_sacrificial_ziggurat, kennysheep_little_box,
          kennysheep_mini_moat, hangedman_decor_riveting,
          nemelex_lonely_heart_becter, uniq_blork_the_orc, uniq_grinder,
          uniq_edmund
D:5:      serial_shops, shop_fountains, shop_statue, first_bread, uniq_sigmund
D:6:      minmay_temple_entry_hall, uniq_eustachio
D:7:      nicolae_dithmenos_shadow_blocks, nicolae_overflow_crystal_walls,
          nemelex_xobeh_ov_fountains_minmay, uniq_duvessa
D:8:      lemuel_ice_statue, overflow_temple_1_default, elyvilon_altar_4,
          overflow_temple_1_default, lemuel_doored_altar
D:9:      lair_entry_dummy, the_bakery
D:10:     nicolae_straight_to_the_point, uniq_grum, uniq_maurice
D:11:     uniq_sonja
D:12:     orc_0_dummy, hangedman_abyss_or_decor_lesser_grid
D:14:     david_vaults_2, minmay_staircase_windowed_small, basic_altar,
          kennysheep_decorative_pillar, kennysheep_minor_cross,
          minmay_unpleasant_kobolds
D:15:     grunt_enter_depths_hoard, cheibriados_altar_1
Temple:   jpeg_temple_clearing

Skill      XL: |  1  2  3  4  5  6  7  8  9 10 11 12 |
---------------+-------------------------------------+-----
Fighting       | 1 2 4 7 |  7.3
Spellcasting   | 4 5 6 7 8 10 12 14 | 14.7
Earth Magic    | 4 5 6 7 8 11 13 16 | 16.7
Shields        | 1 3 4 |  4.2
Dodging        | 4 7 |  7.3
Stealth        | |  2.4
Transmutations | |  1.1

Action                   |  1- 3 |  4- 6 |  7- 9 | 10-12 | 13-15 || total
-------------------------+-------+-------+-------+-------+-------++-------
Melee: Unarmed           |    11 |       |     5 |       |       ||    16
       Short sword       |    14 |    11 |       |       |       ||    25
       Staff             |       |       |       |    16 |       ||    16
       Hunting sling     |       |       |       |     2 |       ||     2
 Fire: Hunting sling     |       |     4 |   179 |   268 |       ||   451
 Cast: Sandblast         |    40 |    63 |    93 |    42 |       ||   238
       Stone Arrow       |    18 |    12 |     9 |    65 |       ||   104
       Petrify           |       |       |     3 |    11 |     1 ||    15
       Lee's Rapid Decon |       |       |    10 |   101 |    25 ||   136
       Passwall          |       |       |       |     3 |       ||     3
       Bolt of Magma     |       |       |       |    34 |    13 ||    47
Invok: Divine Energy     |       |       |       |     1 |       ||     1
Evoke: Wand              |       |       |       |     1 |       ||     1
  Use: Scroll            |       |     1 |    16 |     8 |       ||    25
       Potion            |       |       |     2 |     1 |     2 ||     5
 Stab: Sleeping          |     2 |       |       |       |       ||     2
  Eat: Chunk             |     3 |     7 |    14 |    42 |    13 ||    79
       Royal jelly       |       |       |       |     4 |       ||     4
       Meat ration       |       |       |       |     1 |       ||     1
Armor: Robe              |     5 |    10 |    14 |    18 |     2 ||    49
       Skin              |       |       |    11 |       |       ||    11
Dodge: Dodged            |    36 |    27 |    65 |   144 |    15 ||   287
Block: Buckler           |       |     5 |    56 |    89 |     9 ||   159

Table legend:
 A = Spawn XP
 B = Non-spawn XP
 C = Spawn XP percentage of total XP
 D = Spawn monster count
 E = Non-spawn monster count
 F = Spawn count percentage of total count
 G = Total turns spent on level
                    A         B        C        D         E        F      G
               +---------+---------+-------+---------+---------+-------+---------
         Total |       0 |   46178 |   0.0 |       0 |     400 |   0.0 | 14246
               +---------+---------+-------+---------+---------+-------+---------
           D:1 |       0 |      52 |   0.0 |       0 |      28 |   0.0 |   863
           D:2 |       0 |      65 |   0.0 |       0 |      19 |   0.0 |  1184
           D:3 |       0 |     122 |   0.0 |       0 |      24 |   0.0 |   894
           D:4 |       0 |     912 |   0.0 |       0 |      23 |   0.0 |  1279
           D:5 |       0 |    1436 |   0.0 |       0 |      17 |   0.0 |   930
           D:6 |       0 |    1215 |   0.0 |       0 |      25 |   0.0 |   586
           D:7 |       0 |    1061 |   0.0 |       0 |      16 |   0.0 |   834
           D:8 |       0 |    1805 |   0.0 |       0 |      27 |   0.0 |   809
           D:9 |       0 |    2900 |   0.0 |       0 |      43 |   0.0 |   784
          D:10 |       0 |    8225 |   0.0 |       0 |      57 |   0.0 |  1317
          D:11 |       0 |    3446 |   0.0 |       0 |      25 |   0.0 |  1147
          D:12 |       0 |    1545 |   0.0 |       0 |      13 |   0.0 |   567
          D:13 |       0 |    5525 |   0.0 |       0 |      32 |   0.0 |   746
          D:14 |       0 |    5270 |   0.0 |       0 |      19 |   0.0 |  1397
          D:15 |       0 |   12599 |   0.0 |       0 |      32 |   0.0 |   789
               +---------+---------+-------+---------+---------+-------+---------
